 Seeded DCSS version 0.27.0-1-g7a08968 (webtiles) character file.

Game seed: 2859740041104659127 (custom seed)

21 NeededCrab the Grave Robber (level 2, 0/19 HPs)
             Began as a Demonspawn Necromancer on Oct 22, 2021.
             Succumbed to an adder's poison
             ... on level 2 of the Dungeon.
             The game lasted 00:02:57 (1258 turns).

NeededCrab the Grave Robber (DsNe)                  Turns: 1258, Time: 00:02:57

Health: 0/19       AC:  2    Str:  8    XL:     2   Next: 65%
Magic:  0/5        EV: 12    Int: 18    God:
Gold:   41         SH:  0    Dex: 13    Spells: 3/5 levels left

rFire    . . .     SeeInvis .   (no weapon)
rCold    . . .     Faith    .   (no shield)
rNeg     . . .     Spirit   .   a - +0 robe
rPois    .         Reflect  .   (no helmet)
rElec    .         Harm     .   (no cloak)
rCorr    .         Rampage  .   (no gloves)
Will     .....                  (no boots)
Stlth    ++........             (no amulet)
HPRegen  0.06/turn              (no ring)
MPRegen  0.09/turn              (no ring)

@: lethally poisoned (0 -> -4), very slightly contaminated
A: big brain 1
a: no special abilities


You were on level 2 of the Dungeon.
You visited 1 branch of the dungeon, and saw 2 of its levels.

You collected 41 gold pieces.

Inventory:

Armour
 a - a +0 robe (worn)
Scrolls
 b - 2 scrolls of identify {unknown}
 d - a scroll of enchant armour {unknown}
 e - a scroll of vulnerability {unknown}
Potions
 c - a potion of mutation {unknown}
 f - a potion of curing {unknown}


   Skills:
 + Level 2.1 Dodging
 - Level 2.2 Stealth
 + Level 2.2 Spellcasting
 * Level 4.6 Necromancy


You had 3 spell levels left.
You knew the following spells:

 Your Spells              Type           Power      Damage    Failure   Level
a - Pain                  Necr           72%        1d7       2%          1
A - Animate Skeleton      Necr           36%        N/A       2%          1

Your spell library contained the following spells:

 Spells                   Type           Power      Damage    Failure   Level
 Vampiric Draining        Necr           9%         2d7       8%          3
 Animate Dead             Necr           9%         N/A       26%         4
 Agony                    Necr           18%        N/A       58%         5


Dungeon Overview and Level Annotations

Branches:
Dungeon (2/15)

Altars:


Innate Abilities, Weirdness & Mutations

You have an unusually large brain. (Int +2)


Message History

You swap places.
Done exploring.
Done exploring.
You swap places.
Your goblin skeleton crumbles into dust!
You see here 26 sling bullets.
There is a stone staircase leading down here.
You climb downwards.
Found 14 bolts.
Found a stone staircase leading up.
There is a stone staircase leading up here.
An adder comes into view.
The adder hisses angrily.
The adder writhes in agony.
The adder bites you.
You are poisoned.
The adder poisons you!
The adder barely resists.
You feel sick. The adder closely misses you.
You miscast Pain.
You are very lightly contaminated with residual magic.
Nothing appears to happen.
You feel sick. The adder barely misses you.
The adder writhes in agony.
You feel sick. The adder bites you.
You are too injured to fight recklessly!
Aiming: Pain (safe; 2% risk of failure)
Press: ? - help, Q - select action, (/) - cycle Shift-Dir - straight line, f/p - adder
Aim: an adder (heavily wounded, chance to affect: 84%)
The adder barely resists.
You feel sick. The adder closely misses you. The adder barely misses you.
You barely miss the adder.
The adder is heavily wounded.
You feel sick.
You are no longer poisoned.
The adder closely misses you.
You closely miss the adder.
The adder is heavily wounded.
The adder bites you.
* * * LOW HITPOINT WARNING * * *
You are lethally poisoned!
The adder poisons you!
You barely miss the adder.
The adder is heavily wounded.
You die...

#.......###..#####
#.##.#..##.......#
#.........<......#
#.##.##.##....<..#
#.##.##.##.....(.#
#.......##.........
####.#####...^...##
#...# #.......#
#@.## #########
#S## ... .#.##
#.#.. # ###


You could see an adder.

Vanquished Creatures
  2 dart slugs (D:1)
  A bat (D:1)
  An endoplasm (D:1)
  A giant cockroach (D:1)
  A hobgoblin (D:1)
  2 jackals (D:1)
  A frilled lizard (D:1)
  4 goblins (D:1)
  A kobold (D:1)
  2 rats (D:1)
16 creatures vanquished.

Vanquished Creatures (collateral kills)
  An endoplasm (D:1)
1 creature vanquished.

Grand Total: 17 creatures vanquished

Notes
Turn   | Place    | Note
-------+----------+-------------------------------------------
     0 | D:1      | NeededCrab the Demonspawn Necromancer began the quest for
                  | the Orb.
     0 | D:1      | Reached XP level 1. HP: 13/13 MP: 3/3
   383 | D:1      | Learned a level 1 spell: Animate Skeleton
   458 | D:1      | Gained mutation: You have an unusually large brain. (Int
                  | +2) [demonic ancestry]
   458 | D:1      | Reached XP level 2. HP: 16/19 MP: 1/5
  1119 | D:1      | Found a faded altar of an unknown god.
  1258 | D:2      | Succumbed to an adder's poison

Illustrated notes

Levels and vault maps discovered:
D:1:      minmay_arrival_wavy_path, layout_rooms,
          shapermc_ecumenical_altar_totnotflames
D:2:      layout_loops_cross, minmay_circle_x, uniq_crazy_yiuf_cottage

Skill      XL: |  1 |
---------------+----+-----
Stealth        | 2 |  2.2
Dodging        | 2 |  2.1
Spellcasting   | |  2.2
Necromancy     | |  4.6

Action                   || total
-------------------------++-------
Melee: Unarmed           ||    15
 Cast: Pain              ||    31
       Animate Skeleton  ||     7
Armor: Robe              ||     9
Dodge: Dodged            ||    26
